Cogmind - Beta 15 @@@ ROGUE MODE // 2025.09.15 @ 15:33:20 Player: the Result: Destroyed by D-53 Grenadier with Mini Grenade Launcher Performance ------------- Evolutions (0) 0 Regions Visited (4) 800 Robots Destroyed (16) 80 Value Destroyed (233) 233 Prototype IDs (23) 460 Alien Tech Used (0) 0 Bonus (300) 300 TOTAL SCORE: 1873 Bonus ------- Aligned with FarCom 300 Cogmind --------- Core Integrity 0/250 Matter 245/300 Energy 100/100 System Corruption 0% Temperature Cool (0) Movement Walking (260) Ox2 Location -9/Mines Parts ------- > --- POWER (1) -------- (None) > --- PROPULSION (2) --- Aluminum Leg Aluminum Leg > --- UTILITY (2) ------ High-capacity Storage Unit > --- WEAPON (2) ------- Assault Rifle > --- INVENTORY (20) --- Fission Core Fission Core Fission Core Aluminum Leg Carbon-fiber Leg Carbon-fiber Leg Machine Analyzer Improved Trap Extractor (0/6) Grenade Launcher Rocket Launcher Mining Laser Deploy-a-Sentry Deploy-a-Sentry Deploy-a-Sentry Peak State ------------ > --- POWER ------------ Ion Engine > --- PROPULSION ------- Light Treads Light Treads > --- UTILITY ---------- High-capacity Storage Unit Seismic Detector > --- WEAPON ----------- Assault Rifle Assault Rifle > --- INVENTORY -------- Fission Core Fission Core Fission Core Aluminum Leg Aluminum Leg Aluminum Leg Carbon-fiber Leg Machine Analyzer Assault Rifle Assault Rifle Assault Rifle Grenade Launcher Rocket Launcher Mining Laser Deploy-a-Sentry Deploy-a-Sentry Deploy-a-Sentry [Rating: 12] Favorites ----------- Power Ion Engine Engine Ion Engine Propulsion Light Treads Treads Light Treads Leg Aluminum Leg Utility Seismic Detector Device Seismic Detector Storage High-capacity Storage Unit Weapon Assault Rifle Ballistic Gun Assault Rifle Launcher Grenade Launcher Special Weapon Mining Laser Build | -11 -10 -10 -10 -9 ------- Run | Yrd Mat Min Exi Min Slots Evolved . | . . . . . Power . | . . . . . Propulsion . | . . . . . Utility . | . . . . . Weapon . | . . . . . Parts Attached 15 | 6 7 . . 2 Power 1 | . 1 . . . Engine 1 | . 1 . . . Core . | . . . . . Reactor . | . . . . . Propulsion 4 | 2 2 . . . Treads 2 | 2 . . . . Leg 2 | . 2 . . . Wheel . | . . . . . Hover . | . . . . . Flight . | . . . . . Utility 3 | 2 1 . . . Device 1 | 1 . . . . Storage 2 | 1 1 . . . Processor . | . . . . . Hackware . | . . . . . Protection . | . . . . . Artifact . | . . . . . Weapon 7 | 2 3 . . 2 Energy Gun . | . . . . . Energy Cannon . | . . . . . Ballistic Gun 5 | 2 1 . . 2 Ballistic Cannon . | . . . . . Launcher 1 | . 1 . . . Special Weapon 1 | . 1 . . . Impact Weapon . | . . . . . Slashing Weapon . | . . . . . Piercing Weapon . | . . . . . Special Melee Weapon . | . . . . . Unidentified Prototypes . | . . . . . Parts Lost 8 | . . . . 8 Power 1 | . . . . 1 Propulsion 2 | . . . . 2 Utility 1 | . . . . 1 Weapon 4 | . . . . 4 Highest Loss Streak 8 | . . . . 8 To Critical Strikes . | . . . . . Average Backups 9 | 2 8 9 12 14 Power . | . . . 2 3 Propulsion 3 | 1 3 3 3 4 Utility . | . . 1 1 1 Weapon 4 | 1 4 5 6 5 Tool/Special . | . . . . . Unused Backups 13 | . 4 . . 9 Power 3 | . . . . 3 Propulsion 6 | . 3 . . 3 Utility 2 | . . . . 2 Weapon 2 | . 1 . . 1 Tool/Special . | . . . . . Average Slot Usage (%) 98 | . 96 100 100 97 Engine 12 | . 10 14 14 13 Treads 27 | . 27 28 28 25 Device 13 | . 14 14 14 13 Storage 14 | . 14 14 14 14 Ballistic Gun 27 | . 27 28 28 28 Peak Build Rating 12 | 6 8 8 11 12 Average Rating 8 | 4 7 8 9 11 On Entrance 6 | . 6 8 8 11 Naked Turns . | . . . . . Heaviest Build 50 | 10 50 50 50 50 Greatest Support 40 | 40 40 40 40 40 Greatest Overweight (x) 1 | . 1 1 1 1 Average Overweight (x) . | . . 1 1 1 Largest Inventory Capacity 20 | 8 20 20 20 20 Average Capacity 18 | 6 16 20 20 20 Most Carried 19 | 4 9 10 16 19 Average Carried 10 | 2 8 9 13 18 Final Capacity 20 | 8 20 20 20 20 Final Carried 16 | 4 9 10 16 14 Class Distribution -------------------- 100% | Mutant Dominant Class ---------------- Mutant | -10/Materials Mutant | -10/Mines Mutant | -10/Exiles Mutant | -9/Mines Resources | -11 -10 -10 -10 -9 ----------- Run | Yrd Mat Min Exi Min Matter Collected 606 | 314 212 80 . . Remotely . | . . . . . Salvage Created 437 | 102 320 15 . . Parts 40 | 12 25 3 . . Haulers Intercepted 1 | . 1 . . . Recyclers Shooed . | . . . . . Parts Field Recycled . | . . . . . Retrieved Matter . | . . . . . Parts Self-Destructed . | . . . . . Prevented . | . . . . . Kills | -11 -10 -10 -10 -9 ------- Run | Yrd Mat Min Exi Min Combat Hostiles Destroyed 5 | . 5 . . . Guns 3 | . 3 . . . AOE 2 | . 2 . . . Classes Destroyed 8 | 2 6 . . . Tunneler 3 | 2 . 1 . . Hauler 1 | . 1 . . . Recycler 2 | 1 1 . . . Mechanic 1 | . 1 . . . Operator 1 | . 1 . . . Watcher 3 | . 3 . . . Swarmer 3 | . 3 . . . Grunt 2 | . 2 . . . Best Kill Streak 4 | 2 4 1 . . Combat Bots Only 3 | . 3 . . . Max Kills in Single Turn 2 | 1 2 1 . . Gunslinging . | . . . . . Exploded 2 | . 2 . . . Melee . | . . . . . Uniques/NPCs Destroyed . | . . . . . Combat | -11 -10 -10 -10 -9 -------- Run | Yrd Mat Min Exi Min Hostile Shots Fired 47 | . 20 . . 27 Missed 9 | . 6 . . 3 Hits 38 | . 14 . . 24 Projectile 38 | . 14 . . 24 AOE 26 | . . . . 26 Damage Taken 1290 | . 158 . . 1132 Core 262 | . 25 . . 237 Absorbed by Shields . | . . . . . Core Remaining (%) 100 | 100 . . . . Volleys Fired 50 | 10 32 . . 8 Largest 2 | 2 2 . . 2 Hottest 100 | 40 100 . . 40 Shots Fired 95 | 20 60 . . 15 Gun 91 | 20 56 . . 15 Cannon . | . . . . . Launcher 1 | . 1 . . . Special 3 | . 3 . . . Kinetic 91 | 20 56 . . 15 Thermal 3 | . 3 . . . Explosive 1 | . 1 . . . Electromagnetic . | . . . . . Robot Hit Streak 8 | 8 8 . . 5 Robot Miss Streak 4 | 2 4 . . 4 Penetration Max . | . . . . . Secondary Targets 1 | . 1 . . . Max Gunslinging Chain 1 | . 1 . . . Shots Hit Robots 53 | 16 30 . . 7 Core Hits 27 | 4 18 1 . 4 Critical Kills . | . . . . . Critical Parts Destroyed . | . . . . . Critical Strikes . | . . . . . Melee Attacks . | . . . . . Impact . | . . . . . Slashing . | . . . . . Piercing . | . . . . . Sneak Attacks . | . . . . . Combat Hostiles . | . . . . . Follow-up Attacks . | . . . . . Damage Inflicted 828 | 206 477 27 . 118 Guns 702 | 206 384 . . 112 Cannons . | . . . . . Explosions 82 | . 82 . . . Melee . | . . . . . Ramming 44 | . 11 27 . 6 Kinetic 702 | 206 384 . . 112 Thermal . | . . . . . Explosive 82 | . 82 . . . Electromagnetic . | . . . . . Impact . | . . . . . Slashing . | . . . . . Piercing . | . . . . . Highest Corruption . | . . . . . Average Corruption . | . . . . . Corruption Purged . | . . . . . Corruption Blocked . | . . . . . Overload Shots . | . . . . . Overflow Damage . | . . . . . Projectiles . | . . . . . Explosions . | . . . . . Melee . | . . . . . Knockbacks . | . . . . . Impact . | . . . . . Kinetic . | . . . . . Secondary . | . . . . . Self-Inflicted Damage 14 | . 14 . . . Shots 1 | . 1 . . . Rammed 6 | . 2 3 . 1 Targets Rammed 6 | . 2 3 . 1 Kicked . | . . . . . Crushed . | . . . . . Highest Temperature 60 | . 60 . . . Average Temperature 30 | . 30 . . . Received Heat Transfer 39 | . 39 . . . Siege Activations . | . . . . . Martial Activations . | . . . . . Shielding Activations . | . . . . . Robots Disrupted . | . . . . . Combat Hostiles . | . . . . . Robots Corrupted . | . . . . . Combat Hostiles . | . . . . . Parts Fried . | . . . . . Impact Corruptions . | . . . . . Robots Melted . | . . . . . Combat Hostiles . | . . . . . Parts Melted . | . . . . . Heat Transferred . | . . . . . Parts Sabotaged . | . . . . . Parts Stolen . | . . . . . Parts Stripped . | . . . . . Power Chain Reactions . | . . . . . Alert | -11 -10 -10 -10 -9 ------- Run | Yrd Mat Min Exi Min Maximum Alert Level . | . . . . . Low Security (%) 100 | 100 100 100 . 100 Level 1 . | . . . . . Level 2 . | . . . . . Level 3 . | . . . . . Level 4 . | . . . . . Level 5 . | . . . . . High Security . | . . . . . Max Security . | . . . . . Peak Influence 84 | 10 84 25 . . Initial 25 | . . 25 . . Average 6 | 1 11 1 . . Influence Increases 224 | 15 204 5 . . Destroy 0b10 Robot/C 100 | . 100 . . . Destroy 0b10 Robot/NC 55 | 15 35 5 . . Destroy Leader 28 | . 28 . . . Successful Hack 18 | . 18 . . . Disable Machine 15 | . 15 . . . Destroy Structure 8 | . 8 . . . Influence Decreases 224 | 15 138 71 . . Entered New Map 41 | . . 41 . . Time Decay 183 | 15 138 30 . . Squads Dispatched 2 | . 2 . . . Investigation 1 | . 1 . . . Extermination . | . . . . . Reinforcement 1 | . 1 . . . Assault . | . . . . . Garrison . | . . . . . Intercept . | . . . . . Searches Triggered . | . . . . . Construction Impeded . | . . . . . Haulers Reinforced . | . . . . . Active Scanning Responses . | . . . . . Cargo Convoy Interrupts . | . . . . . Stealth | -11 -10 -10 -10 -9 --------- Run | Yrd Mat Min Exi Min Distress Signals 1 | . 1 . . . Communications Jammed . | . . . . . Distress Signals . | . . . . . Times Spotted 16 | . 11 . . 5 Peak Tracking Total 12 | . 3 . . 12 Tactical Retreats . | . . . . . Traps | -11 -10 -10 -10 -9 ------- Run | Yrd Mat Min Exi Min Traps Triggered 1 | . 1 . . . Indirectly . | . . . . . Trap Hack Attempts . | . . . . . Triggered . | . . . . . Disarmed . | . . . . . Reprogrammed . | . . . . . Reused . | . . . . . Traps Extracted . | . . . . . Installed . | . . . . . Triggered . | . . . . . Machines | -11 -10 -10 -10 -9 ---------- Run | Yrd Mat Min Exi Min Machines Disabled 1 | . 1 . . . Max in Single Turn 1 | . 1 . . . Machines Repaired . | . . . . . Machines Dismantled . | . . . . . Machines Sabotaged . | . . . . . Overloaded Fab Kills . | . . . . . Hacking | -11 -10 -10 -10 -9 --------- Run | Yrd Mat Min Exi Min Machines Accessed 8 | . 4 1 2 1 Terminals 3 | . 2 1 . . Fabricators . | . . . . . Repair Stations . | . . . . . Recycling Units 2 | . 2 . . . Scanalyzers . | . . . . . Garrison Access . | . . . . . Total Hacks 18 | . 13 2 2 1 Successful 10 | . 7 . 2 1 Failed 8 | . 6 2 . . Catastrophic 1 | . . 1 . . Database Lockouts . | . . . . . Manual 11 | . 6 2 3 . Terminals 10 | . 8 2 . . Fabricators . | . . . . . Repair Stations . | . . . . . Recycling Units 5 | . 5 . . . Scanalyzers . | . . . . . Garrison Access . | . . . . . Terminal Hacks 5 | . 2 . 2 1 Record 1 | . . . 1 . Open Door 1 | . . . . 1 Hauler Manifests 1 | . 1 . . . Zone Layout 1 | . 1 . . . Proto ID Catalog 1 | . . . 1 . Fabricator Hacks . | . . . . . Repair Station Hacks . | . . . . . Recycling Unit Hacks 2 | . 2 . . . Retrieve Matter 1 | . 1 . . . Retrieve Components 1 | . 1 . . . Scanalyzer . | . . . . . Garrison Access Hacks . | . . . . . Unauthorized Hacks 3 | . 3 . . . Terminals 2 | . 2 . . . Botnet 2 | . 2 . . . Fabricators . | . . . . . Repair Stations . | . . . . . Recycling Units 1 | . 1 . . . Recyclers 1 | . 1 . . . Scanalyzers . | . . . . . Garrison Access . | . . . . . Data Cores Recovered . | . . . . . Used . | . . . . . Hacking Detections 5 | . 4 1 . . Full Trace Events . | . . . . . Feedback Events . | . . . . . Feedback Blocked . | . . . . . Robot Schematics Acquired . | . . . . . Robots Built . | . . . . . Authchips . | . . . . . Time . | . . . . . Total Robot Build Rating . | . . . . . Part Schematics Acquired . | . . . . . Parts Built . | . . . . . Authchips . | . . . . . Time . | . . . . . Total Part Build Rating . | . . . . . Parts Repaired . | . . . . . Time . | . . . . . Parts Recycled . | . . . . . Recycled Matter . | . . . . . Retrieved Matter . | . . . . . Retrieved Components 1 | . 1 . . . Parts Scanalyzed . | . . . . . Part Schematics Acquired . | . . . . . Parts Damaged . | . . . . . Bothacking | -11 -10 -10 -10 -9 ------------ Run | Yrd Mat Min Exi Min Used RIF Installer . | . . . . . Robots Hacked . | . . . . . Non-combat . | . . . . . Combat . | . . . . . Robot Hacks Applied . | . . . . . Relay Couplers Released . | . . . . . Fabnet Peak Effective % . | . . . . . Robots Rewired . | . . . . . Allies Hacked . | . . . . . Hacks Repelled . | . . . . . Allies | -11 -10 -10 -10 -9 -------- Run | Yrd Mat Min Exi Min Total Allies . | . . . . . Largest Group . | . . . . . Highest-Rated Group . | . . . . . Highest-Rated Ally . | . . . . . Total Orders . | . . . . . Ally Attacks . | . . . . . Total Damage . | . . . . . Kills . | . . . . . Allies Corrupted . | . . . . . Allies Melted . | . . . . . Intel | -11 -10 -10 -10 -9 ------- Run | Yrd Mat Min Exi Min Active Infowar (turns) 3073 | 30 1224 803 863 153 Seismic 3073 | 30 1224 803 863 153 Robot Analysis Total . | . . . . . Derelict Logs Recovered 2 | . . 2 . . Drone Launches . | . . . . . Drone Recoveries . | . . . . . Exploration | -11 -10 -10 -10 -9 ------------- Run | Yrd Mat Min Exi Min Turns Passed 3185 | 132 1224 803 863 163 Spaces Moved 1311 | 58 511 330 358 54 Core 3 | 3 . . . . Treads 1282 | 55 485 330 358 54 Legs 26 | . 26 . . . Wheels . | . . . . . Hover . | . . . . . Flight . | . . . . . Fastest Speed 50 | 50 120 240 240 240 Average Speed 225 | 154 213 240 240 240 Slowest Speed 240 | 160 240 240 240 240 Overloaded Moves . | . . . . . Propulsion Burnouts . | . . . . . Robots Hopped . | . . . . . Potential Cave-ins . | . . . . . Cave-ins Triggered . | . . . . . Exploration Rate (%) 46 | 5 72 67 71 16 Regions Visited 4 Branch Regions 3 Pre-discovered Areas 2 | . . 1 1 . Known Exits Taken . | . . . . . Unknown Exits Taken 4 | 1 1 1 1 . Scrap Searched 1 | . . 1 . . Spaces Dug 7 | . 7 . . . Terrain Destroyed 8 | . 8 . . . Melee . | . . . . . Projectile 3 | . 3 . . . AOE 5 | . 5 . . . Terrain Rammed . | . . . . . Walls Destroyed . | . . . . . Machines Disabled . | . . . . . Actions | -11 -10 -10 -10 -9 --------- Run | Yrd Mat Min Exi Min Total 1424 | 78 574 338 363 71 Wait 9 | 1 3 5 . . Move 1307 | 57 510 329 357 54 Hop . | . . . . . Pick Up 24 | 4 10 1 6 3 Fast Attach 7 | 6 1 . . . Attach 5 | . . . . 5 Detach . | . . . . . Swap 11 | . 11 . . . Drop 5 | . 5 . . . Fire 50 | 10 32 . . 8 Melee . | . . . . . Ram . | . . . . . Kick . | . . . . . Crush 6 | . 2 3 . 1 Escape Stasis . | . . . . . Rewire . | . . . . . Trap . | . . . . . Miscellaneous . | . . . . . Route ------- -11/Scrapyard -10/Materials (discovered 4 exits: [*Mat x2] / *Min x2) -10/Mines (discovered 3 exits: [*Mat x2] / *Exi) -10/Exiles -9/Mines (discovered 1 exit: [*Mat]) History --------- Turn | Location | Event 44 | -11/Scrapyard | Discovered new exit (range 15) 133 | -11/Scrapyard | Entered Materials 143 | -10/Materials | Discovered new exit (range 15) 291 | -10/Materials | Discovered new exit (range 8) 317 | -10/Materials | Build established: Mutant 1128 | -10/Materials | Discovered new exit (range 16) 1317 | -10/Materials | Discovered new exit (range 8) 1357 | -10/Materials | Entered Mines 1722 | -10/Mines | Discovered new exit (range 12) 1732 | -10/Mines | Learned Materials emergency access door positions 1852 | -10/Mines | Learned location of Zion (-6) 1900 | -10/Mines | Received a Rocket Launcher from a helpful Derelict 2011 | -10/Mines | Discovered new exit (range 9) 2151 | -10/Mines | Deemed a non-threat by the Exiles lab entrance 2151 | -10/Mines | Discovered new exit (range 5) 2160 | -10/Mines | Entered Exiles 2225 | -10/Exiles | Met 8R-AWN 2372 | -10/Exiles | Met EX-HEX 2514 | -10/Exiles | Met EX-DEC 2675 | -10/Exiles | Met EX-BIN 2708 | -10/Exiles | Aligned with FarCom system 2711 | -10/Exiles | Given EX-Vault access code 2768 | -10/Exiles | Opened EX-Vault 2785 | -10/Exiles | Found Deploy-a-Sentry 2788 | -10/Exiles | Found Deploy-a-Sentry 2792 | -10/Exiles | Found Deploy-a-Sentry 2841 | -10/Exiles | Warned to stay clear of 0b10 Research branches 2868 | -10/Exiles | Exiles lab attacked by MAIN.C 2997 | -10/Exiles | Discovered new exit (range 12) 3023 | -10/Exiles | Left Exiles lab with Deploy-a-Sentry 3023 | -10/Exiles | Entered Mines 3032 | -9/Mines | Met a Derelict who couldn't figure out how to use a Trap Extractor 3042 | -9/Mines | Met a Derelict bent on vengeance 3089 | -9/Mines | Discovered new exit (range 10) 3155 | -9/Mines | Assembled infested the area 3160 | -9/Mines | Assisted by a Guerilla fighting off Assembled 3177 | -9/Mines | Core integrity fell below 50% 3180 | -9/Mines | Core integrity fell below 20% 3186 | -9/Mines | Destroyed by D-53 Grenadier with Mini Grenade Launcher Last Messages --------------- come on!" 03161_ P9-O1W(h) destroyed. 03163_ The unstable cave ceiling collapses. 03165_ Lgt. Treads destroyed. 03167_ Assault Rifle destroyed. 03169_ The unstable cave ceiling collapses. 03171_ Lgt. Treads destroyed. 03172_ The unstable cave ceiling collapses. 03173_ Assault Rifle destroyed. 03173_ K-01 Serf collects debris. 03174_ The unstable cave ceiling collapses. 03176_ Seismic Detector destroyed. 03177_ The unstable cave ceiling collapses. 03177_ Ion Engine destroyed. 03178_ R-06 Scavenger destroyed. 03182_ D-53 Grenadier destroyed. 03182_ K-01 Serf collects debris. 03183_ The unstable cave ceiling collapses. 03184_ Assault Rifle destroyed. 03185_ The unstable cave ceiling collapses. Map ----- +----------------------------------------------------+ | ??????????# #???????????????? | | ??????????## ##???????????????? | | ???????????# ### ##????????????????? | | ???????????# #?####?????????????????? | | ???????????# #??????????????????????? | | ???????????# ####???????????????????? | | ???????????# #???????????????????? | | ???????????#### #???????????????????? | | ??????????????# #???????????????????? | | ??????????????# #???????????????????? | | ?????????###### ###?????????????????? | | ?????????# #?????????????????? | | ?????????# """ #?????????????????? | | ?????????# """ #?????????????????? | | ?????????# """ #?????????????????? | | ?????????# #?????????????????? | | ?????????# < #?????????????????? | | ???????###k #?????????????????? | | ???????# # %#######?????????????????? | | ???????# ;d=##??????????????????????? | | ???????? %!###????????????????????? | | ???????## * ##???????????????????? | | ??????## ##??????????????????? | | ??????# ###?????????????????? | | ??????# # ##### #????????? | | ??????# # @ t #???????? | | ??????## g ""??????????? | | ???????# ###### ""??????????? | | ??????# #??????????????????? | | ?????# ##??????????????????? | | ???? a###???????????????????? | | ??? ?????????????????????? | | ??# ?????????????????????? | | ??## ## ?????????????????????? | | ???####?## !????????????????????? | | ?????????## *%????????????????????? | | ??????????# =????????????????????? | | ??????????## ????????????????????? | | ????????????## ???????????????????? | | ??????????????# a???????????????????? | | ????????????????????????????????????? | | ????????????????????????????????????? | | ????????????????????????????????????? | | ????????????????????????????????????? | | ????????????????????????????????????? | | ????????????????????????????????????? | | ????????????????????????????????????? | | ????????????????????????????????????? | | ????????????????????????????????????? | | ????????????????????????????????????? | +----------------------------------------------------+ Best States ------------- Heat Dissipation 25 Energy Generation 10 Energy Capacity 250 Matter Stores 300 Matter Capacity 300 Sight Range 16 Terrain Scan Density 10 Evasion (%) 55 Recoil Reduction 2 Item Schematics ----------------- None Robot Schematics ------------------ None Fabricated ------------ Nothing Repaired ---------- Nothing Alien Tech Used ----------------- None Achievements -------------- None Challenges ------------ None Game ------ Seed MetafiberLightRailgun Manual? 0 Play Time 00:18:32 Cumulative 323.3 hours Start 2025.09.03 @ 19:48:18 End 2025.09.15 @ 15:33:20 Sessions 1 Manual Loads 0 Difficulty Rogue Special Mode None Game No. 224 Rogue 224 Adventurer 0 Explorer 0 Win Type - Total 3 Types 3/0/0/0/0/0/0/0/0/0 Lore% 76 Gallery% 76 Achievement% 63 Wizard Run 0 Options --------- Layout 1 ASCII 0 Keyboard 0 Movement Numpad Keybinds 0 Fullscreen 1 Font 24/Smallcaps Map View 50x40 Zoom Use 0% Tactical HUD 1 Map Filters NONE Filters NONE Steam 1 RUN: c941c6e0-3a48-4318-a891-97ccce6be55e